 Dungeon Crawl Stone Soup version 0.26-a0-572-g753d7e3450 (webtiles) character file.

Game seed: 7673596695749067322

782 ANON1729 the Covert (level 7, -2/60 HPs)
             Began as a Gnoll Delver on Aug 21, 2020.
             Was an Initiate of Qazlal.
             Killed from afar by Maggie (12 damage)
             ... with a bolt of fire
             ... on level 5 of the Dungeon.
             The game lasted 00:10:41 (6928 turns).

ANON1729 the Covert (Gnoll Delver)                  Turns: 6928, Time: 00:10:42

Health: -2/60      AC:  4    Str: 14 (16) XL:     7   Next: 86%
Magic:  11/11      EV: 15    Int:  9 (12) God:    Qazlal [......]
Gold:   407        SH:  0    Dex: 15 (17) Spells: 11/11 levels left

rFire    . . .     SeeInvis .   l - +0 hand crossbow
rCold    . . .     Faith    .   (no shield)
rNeg     . . .     Spirit   .   b - +1 leather armour
rPois    .         Reflect  .   (no helmet)
rElec    .         Harm     .   (no cloak)
rCorr    .                      (no gloves)
MR       .....                  (no boots)
Stlth    ++++......             (no amulet)
HPRegen  0.20/turn              (no ring)
MPRegen  0.12/turn              (no ring)

@: no status effects
A: distributed training, fangs 1, blurry vision 1, sense surroundings 1, strong
nose
a: Renounce Religion


You were on level 5 of the Dungeon.
You worshipped Qazlal.
Qazlal was noncommittal.
You visited 2 branches of the dungeon, and saw 7 of its levels.

You collected 407 gold pieces.

Inventory:

Hand Weapons
 a - a +0 hand axe
 l - a +0 hand crossbow (weapon)
Missiles
 q - 165 stones
 r - 2 throwing nets
 s - 76 bolts (quivered)
 v - 43 arrows
 y - 66 sling bullets
Armour
 b - a +1 leather armour (worn)
Wands
 g - a wand of digging (3)
Scrolls
 c - 3 scrolls of fog
 d - a scroll of magic mapping
 e - 2 scrolls of fear
 i - a scroll of enchant armour
 k - 2 scrolls of remove curse
 t - a scroll of random uselessness {unknown}
 u - 2 scrolls of teleportation
 w - 5 scrolls of identify {unknown}
 B - 2 scrolls of amnesia {unknown}
Potions
 f - 2 potions of haste
 h - a potion of stabbing
 j - a potion of heal wounds
 m - a potion of curing


   Skills:
 + Level 7.1 Fighting
 + Level 2.7 Short Blades
 + Level 2.7 Long Blades
 + Level 5.4 Axes
 + Level 2.7 Maces & Flails
 + Level 2.7 Polearms
 + Level 2.7 Staves
 + Level 2.7 Slings
 + Level 2.7 Bows
 + Level 2.7 Crossbows
 + Level 2.7 Throwing
 + Level 2.7 Armour
 + Level 5.4 Dodging
 + Level 9.9 Stealth
 + Level 2.7 Shields
 + Level 2.7 Unarmed Combat
 + Level 2.7 Spellcasting
 + Level 2.2 Conjurations
 + Level 2.2 Hexes
 + Level 2.2 Summonings
 + Level 2.2 Necromancy
 + Level 2.2 Translocations
 + Level 2.2 Transmutations
 + Level 2.2 Fire Magic
 + Level 2.2 Ice Magic
 + Level 2.2 Air Magic
 + Level 2.2 Earth Magic
 + Level 2.2 Poison Magic
 + Level 3.0 Invocations
 + Level 2.7 Evocations


You had 11 spell levels left.
You didn't know any spells.
Your spell library contained the following spells:

 Spells                   Type           Power        Failure   Level
 Beastly Appendage        Tmut           #.....       16%         1
 Wereblood                Tmut           #.......     22%         2
 Spider Form              Tmut/Pois      #.........   41%         3
 Ice Form                 Ice/Tmut       #.......     83%         4
 Blade Hands              Tmut           #.........   99%         5


Dungeon Overview and Level Annotations

Branches:
Dungeon (6/15)             Temple (1/1) D:5

Altars:
Ashenzari
Cheibriados
Dithmenos
Elyvilon
Fedhas
Gozag
Hepliaklqana
Kikubaaqudgha
Makhleb
Nemelex Xobeh
Qazlal
Ru
Sif Muna
Trog
Uskayaw
Vehumet
Wu Jian
Xom
Yredelemnul
Zin
The Shining One

Annotations:
D:3 1 runed translucent door
D:5 Maggie


Innate Abilities, Weirdness & Mutations

Your experience applies equally to all skills.
You have very sharp teeth.
Your uncanny sense of smell can sniff out nearby items.
Scrolls take you a little longer to read.
You passively map a small area around you.


Message History

The bolt hits Maggie but does no damage.
Maggie is moderately wounded.
Maggie hits you from afar with a +2 halberd of flaming!
Maggie burns you.
You shoot a bolt. The bolt hits Maggie!
Maggie is heavily wounded.
Maggie casts a spell at you. The bolt of fire hits you!!
* * * LOW HITPOINT WARNING * * *
Maggie barely misses you.
You are too injured to fight recklessly!
You are too injured to fight recklessly!
You are too injured to fight recklessly!
You cannot move away from Maggie!
You cannot move away from Maggie!
You break out of your daze!
Maggie says, "Leave now, and tell all of Margery's mercy!"
Maggie casts a spell at you. The bolt of fire hits you!
You die...

##...##.>...#.#.# #######...
##.#.#.#.....#.#.# ##......<..
#....##......#.#.# #..........
##.###.#....#..#.#####..........
#..#.##...###.........######...
#.#.#####..#..#.##.#### #...
#.### ###..##.##(# #######...
#.# ##.##....# #.........
#.##### #.#@###(# #.#####...
#.....# #..#.##.# #.#####...
#####.######.###.@.# #.##.....#
#.......## ##..###.##.##.##
########.###....<..<.....##
##.#.#.####........#
##.##..............
####..#.#..#.....#
#..#.#..##....#


You could see Maggie.

Vanquished Creatures
  An ogre (D:4)
  A centaur (D:5)
  A killer bee (D:5)
  2 hounds (D:4)
  A jelly (D:5)
  A centaur skeleton (D:5)
  A human zombie (D:3)
  2 bullfrog skeletons (D:4)
  An iguana (D:5)
  A worker ant (D:4)
  A hound skeleton (D:4)
  A worker ant zombie (D:5)
  8 gnolls
  12 adders
  2 river rats (D:3)
  A white imp (D:5)
  An adder skeleton (D:5)
  6 worms
  2 leopard geckos
  5 orcs (D:3)
  6 bats
  3 giant cockroaches
  2 goblins
  6 hobgoblins
  A jackal (D:1)
  9 kobolds
  3 quokkas
  A ball python (D:1)
  3 frilled lizards
  13 rats
98 creatures vanquished.

Vanquished Creatures (others)
  2 withered plants (D:2)
2 creatures vanquished.

Grand Total: 100 creatures vanquished

Notes
Turn   | Place    | Note
-------+----------+-------------------------------------------
     0 | D:5      | Reached skill level 9 in Stealth
     0 | D:5      | ANON1729 the Gnoll Delver began the quest for the Orb.
     0 | D:5      | Reached XP level 1. HP: 23/23 MP: 1/1
    62 | D:4      | Reached XP level 2. HP: 24/29 MP: 2/2
   145 | D:4      | Reached skill level 1 in Invocations
   145 | D:4      | Reached XP level 3. HP: 21/35 MP: 2/4
   279 | D:4      | Reached skill level 1 in Short Blades
   279 | D:4      | Reached skill level 1 in Long Blades
   279 | D:4      | Reached skill level 1 in Maces & Flails
   279 | D:4      | Reached skill level 1 in Polearms
   279 | D:4      | Reached skill level 1 in Staves
   279 | D:4      | Reached skill level 1 in Slings
   279 | D:4      | Reached skill level 1 in Bows
   279 | D:4      | Reached skill level 1 in Crossbows
   279 | D:4      | Reached skill level 1 in Throwing
   279 | D:4      | Reached skill level 1 in Armour
   279 | D:4      | Reached skill level 1 in Shields
   279 | D:4      | Reached skill level 1 in Unarmed Combat
   279 | D:4      | Reached skill level 1 in Spellcasting
   279 | D:4      | Reached skill level 1 in Evocations
   369 | D:4      | Noticed an ogre
   413 | D:3      | Found a runed translucent door.
   413 | D:3      | Noticed a human
   426 | D:3      | Found a basalt altar of Yredelemnul.
   445 | D:3      | Reached XP level 4. HP: 24/41 MP: 5/5
   522 | D:2      | Reached skill level 1 in Conjurations
   522 | D:2      | Reached skill level 1 in Hexes
   522 | D:2      | Reached skill level 1 in Summonings
   522 | D:2      | Reached skill level 1 in Necromancy
   522 | D:2      | Reached skill level 1 in Translocations
   522 | D:2      | Reached skill level 1 in Transmutations
   522 | D:2      | Reached skill level 1 in Fire Magic
   522 | D:2      | Reached skill level 1 in Ice Magic
   522 | D:2      | Reached skill level 1 in Air Magic
   522 | D:2      | Reached skill level 1 in Earth Magic
   522 | D:2      | Reached skill level 1 in Poison Magic
   649 | D:2      | Found a white marble altar of Elyvilon.
   649 | D:2      | Found a blossoming altar of Fedhas.
   729 | D:2      | Found an ancient bone altar of Kikubaaqudgha.
  1018 | D:2      | Reached XP level 5. HP: 42/47 MP: 6/6
  1402 | D:3      | HP: 1/47 [gnoll (6)]
  2235 | D:3      | Reached XP level 6. HP: 17/53 MP: 8/8
  3105 | D:3      | Reached skill level 5 in Axes
  3105 | D:3      | Reached skill level 5 in Dodging
  4057 | D:4      | Reached XP level 7. HP: 47/59 MP: 10/10
  5053 | D:5      | Found a staircase to the Ecumenical Temple.
  5079 | Temple   | Entered the Ecumenical Temple
  5373 | Temple   | Became a worshipper of Qazlal Stormbringer
  5933 | D:6      | Noticed Maggie
  5964 | D:5      | Gained mutation: Scrolls take you a little longer to read.
                  | [potion of mutation]
  5964 | D:5      | Gained mutation: You passively map a small area around you.
                  | [potion of mutation]
  6928 | D:5      | Killed from afar by Maggie

Illustrated notes

Levels and vault maps discovered:
D:1:      dpeg_arrival_simpleton_c, layout_rooms, st_stairs_8
D:2:      layout_loops_ring, kiku_gazebo_garden_becter,
          gammafunk_temple_overflow_statue
D:3:      layout_loops_ring, lightli_sewer_entry_pipes, dk_yredelemnul_ordeal
D:4:      layout_loops_corners
D:5:      layout_loops_cross, minmay_temple_entry_junction_2
D:6:      kennysheep_steamy, layout_gridville, minmay_misc_feat_square,
          uniq_maggie
Temple:   hc_temple_tempest_star

Skill      XL: |  1  2  3  4  5  6  7 |
---------------+----------------------+-----
Stealth        | |  9.9
Invocations    | 1 2 3 |  3.0
Short Blades   | 1 2 |  2.7
Long Blades    | 1 2 |  2.7
Maces & Flails | 1 2 |  2.7
Polearms       | 1 2 |  2.7
Staves         | 1 2 |  2.7
Slings         | 1 2 |  2.7
Bows           | 1 2 |  2.7
Crossbows      | 1 2 |  2.7
Throwing       | 1 2 |  2.7
Armour         | 1 2 |  2.7
Shields        | 1 2 |  2.7
Unarmed Combat | 1 2 |  2.7
Spellcasting   | 1 2 |  2.7
Evocations     | 1 2 |  2.7
Conjurations   | 1 2 |  2.2
Hexes          | 1 2 |  2.2
Summonings     | 1 2 |  2.2
Necromancy     | 1 2 |  2.2
Translocations | 1 2 |  2.2
Transmutations | 1 2 |  2.2
Fire Magic     | 1 2 |  2.2
Ice Magic      | 1 2 |  2.2
Air Magic      | 1 2 |  2.2
Earth Magic    | 1 2 |  2.2
Poison Magic   | 1 2 |  2.2
Axes           | 5 |  5.4
Dodging        | 5 |  5.4
Fighting       | 7 |  7.1

Action                   |  1- 3 |  4- 6 |  7- 9 || total
-------------------------+-------+-------+-------++-------
Melee: Hand axe          |    42 |   286 |   131 ||   459
       Bite              |     6 |    33 |    20 ||    59
       Punch             |       |     4 |       ||     4
       Unarmed           |       |       |    19 ||    19
 Fire: Hand crossbow     |       |       |     8 ||     8
Throw: Stone             |       |       |     4 ||     4
       Throwing net      |       |       |     2 ||     2
  Use: Potion            |       |     2 |     9 ||    11
       Scroll            |       |     1 |     4 ||     5
 Stab: Sleeping          |     4 |    25 |     4 ||    33
       Distracted        |       |       |     2 ||     2
Armor: Leather armour    |     3 |    47 |    18 ||    68
Dodge: Dodged            |    30 |   200 |   117 ||   347

Table legend: (Time is in decaauts)
 A = Elapsed time spent in this place.
 B = Non-inter-level travel time spent in this place.
 C = Inter-level travel time spent in this place.
 D = Time resting spent in this place.
 E = Time spent auto-exploring this place.
 F = Levels seen in this place.
 G = Mean time per level.
                   A        B        C        D        E       F      G
               +--------+--------+--------+--------+--------+-----+--------+
         Total |   6984 |   6282 |    702 |   2410 |   2708 |   7 |  997.7 |
       Dungeon |   6662 |   6003 |    659 |   2410 |   2440 |   6 | 1110.3 |
        Temple |    321 |    278 |     43 |      0 |    268 |   1 |  321.0 |
               +--------+--------+--------+--------+--------+-----+--------+

Top non-repeatable levels by time:
     D:4: 2318 daAuts
     D:3: 1541 daAuts
     D:5: 1398 daAuts
     D:2: 931 daAuts
     D:1: 442 daAuts
  Temple: 321 daAuts
     D:6: 30 daAuts
